 Dungeon Crawl Stone Soup version 0.22.0-75-g3901e79 (console) character file.

18 erker the Insei (level 2, -4/18 HPs)
             Began as an Octopode Transmuter on Sept 14, 2018.
             Was an Initiate of the Shining One.
             Slain by a scorpion (7 damage)
             ... on level 1 of the Dungeon.
             The game lasted 00:02:06 (866 turns).

erker the Insei (Octopode Transmuter)                Turns: 866, Time: 00:02:08

Health: -4/18      AC:  1    Str:  9    XL:     2   Next: 66%
Magic:  5/5        EV: 13    Int: 15    God:    the Shining One [......]
Gold:   25         SH:  0    Dex: 12    Spells: 2/5 levels left

rFire    . . .     SeeInvis .     - Unarmed
rCold    . . .     Gourm    .   (no shield)
rNeg     . . .     Faith    .   (helmet restricted)
rPois    .         Spirit   .   (no amulet)
rElec    .         Reflect  .   (no ring)
rCorr    .         Harm     .   (no ring)
MR       .....                  (no ring)
Stlth    +.........             (no ring)
HPRegen  0.06/turn              (no ring)
MPRegen  0.09/turn              (no ring)
                                (no ring)
                                (no ring)

@: glowing
A: almost no armour, stealthy swim, amphibious, 8 rings, constrict 8, camouflage
1, gelatinous body 1
a: Renounce Religion


You were on level 1 of the Dungeon.
You worshipped the Shining One.
The Shining One was noncommittal.
You were not hungry.

You visited 1 branch of the dungeon, and saw 2 of its levels.

You collected 25 gold pieces.

Inventory:

Missiles
 a - 34 arrows
 d - 22 sling bullets
 e - 30 poisoned needles
Scrolls
 b - 4 scrolls of identify {unknown}
 f - 2 scrolls of teleportation {unknown}
Potions
 g - a potion of haste {unknown}
Comestibles
 c - 4 rations


   Skills:
 - Level 1.0 Fighting
 - Level 2.0 Dodging
 - Level 3.0 Unarmed Combat
 + Level 2.4 Spellcasting
 * Level 2.7 Transmutations


You had 2 spell levels left.
You knew the following spells:

 Your Spells              Type           Power        Failure   Level  Hunger
a - Beastly Appendage     Tmut           ##....       7%          1    #......
t - Sticks to Snakes      Tmut           ##......     11%         2    ###....

Your spell library contained the following spells:

 Spells                   Type           Power        Failure   Level  Hunger
 Spider Form              Tmut/Pois      #.........   36%         3    ###....
 Ice Form                 Ice/Tmut       #.......     77%         4    #####..
 Blade Hands              Tmut           ##........   88%         5    ######.


Dungeon Overview and Level Annotations

Branches:
Dungeon (2/15)

Altars:
The Shining One


Innate Abilities, Weirdness & Mutations

You cannot wear most types of armour.
You are very stealthy in the water. (Stealth+)
You are amphibious.
You can wear up to eight rings at the same time.
You can use your tentacles to constrict eight enemies at once.
Your skin changes colour to match your surroundings (Stealth+).
Your rubbery body absorbs attacks. (AC +1, EV +1)


Message History

The bat barely misses you. The jackal barely misses you.
The jackal closely misses you. The scorpion stings you.
The kobold closely misses you. The jackal misses you.
The jackal closely misses you.
You climb upwards.
There is a stone staircase leading down here.
You barely miss the jackal. Your grab misses the jackal.
Your squeeze misses the jackal. The jackal bites you.
* * * LOW HITPOINT WARNING * * *
The kobold barely misses you. The scorpion barely misses you.
You closely miss the jackal. You grab the jackal. You constrict the jackal.
The jackal bites you.
* * * LOW HITPOINT WARNING * * *
The kobold hits you but does no damage. The scorpion barely misses you.
You tentacle-slap the jackal.
The jackal is heavily wounded.
You constrict the jackal. The jackal barely misses you. The kobold hits you.
* * * LOW HITPOINT WARNING * * *
The scorpion stings you!
You die...

#.#.# ###.###### #.#.# ######
#........# #.#.# #....#
#.#.####.# #.#.# #....#
#.#....#.# #.#.# #....#
#.###.##.# ###.# ##....#
#.#....#.. ..#.# #.....#
#.#.######
#.#.#######...##########.#..)..#.
..............bs@h.......#####.#.
(.)..........###K######### #.#.
#.[......###..##h# #.#.
#.#.####.####.##.# #.#†
#.#.###.....#.##.# #.#.
#.#.........#.##.## #.#.
#.####............# #######.#.
#...........##.#..# #.........
########.##.##.#..# ##.####...


You could see a scorpion, 2 jackals, a bat and a kobold.

Vanquished Creatures
  2 giant cockroaches (D:1)
  A goblin (D:1)
  3 hobgoblins (D:1)
  A jackal (D:1)
  4 kobolds
  2 bats (D:1)
  A frilled lizard (D:1)
  3 rats (D:1)
17 creatures vanquished.

Notes
Turn   | Place    | Note
-------+----------+-------------------------------------------
     0 | D:1      | erker the Octopode Transmuter began the quest for the Orb.
     0 | D:1      | Reached XP level 1. HP: 13/13 MP: 3/3
   251 | D:1      | Reached XP level 2. HP: 12/18 MP: 1/5
   256 | D:1      | Learned a level 2 spell: Sticks to Snakes
   378 | D:1      | Found a glowing golden altar of the Shining One.
   385 | D:1      | Became a worshipper of the Shining One
   845 | D:2      | Noticed a scorpion
   866 | D:1      | Slain by a scorpion

Action                   || total
-------------------------++-------
Melee: Unarmed           ||    43
       Constrict         ||    15
       Tentacles         ||     7
       Kick              ||     2
 Cast: Beastly Appendage ||     6
 Stab: Sleeping          ||     2
Armor: Skin              ||    10
Dodge: Dodged            ||    42
